 Dungeon Crawl Stone Soup version 0.30-a0-867-g305f33218d (webtiles) character file.

Game seed: 2811584996950088121

4452 Pimp the Covered (level 10, -1/109 HPs)
             Began as a Djinni Fire Elementalist on Mar 10, 2023.
             Slain by an orc warrior
             ... wielding a +0 hand axe
              (2 damage)
             ... on level 9 of the Dungeon.
             The game lasted 00:36:13 (10058 turns).

Pimp the Covered (Djinni Fire Elementalist)        Turns: 10058, Time: 00:36:14

Health: -1/109     AC: 25    Str:  9    XL:     10   Next: 63%
Gold:   430        EV:  2    Int: 20    God:
                   SH:  0    Dex: 13

rFire   + . .      SeeInvis .    q - +3 glaive (heavy)
rCold   x . .      Faith    .    (shield currently unavailable)
rNeg    . . .      Spirit   .    E - melded +0 steam dragon scales
rPois   ∞          Reflect  .    (helmet currently unavailable)
rElec   .          Rampage  .    k - melded +0 cloak
rCorr   .          NoTele   +    (gloves currently unavailable)
Will    +....                    (boots unavailable)
Stlth   +++                      (no amulet)
HPRegen 0.38/turn                b - +5 ring of evasion
MPRegen 0.00/turn                d - ring of fire

@: tree-form, invisible
A: stationary, stasis, torment immunity, boosted hp, sickness immunity, (fire
resistance 2), (cold vulnerability 1), float, innate caster, HP casting, extra
vitality 1
a: no special abilities


You were on level 9 of the Dungeon.
You were a tree.
You visited 2 branches of the dungeon, and saw 10 of its levels.

You collected 430 gold pieces.

Inventory:

Hand Weapons
 h - a +4 quarterstaff of chaos
 q - a +3 heavy glaive (weapon)
Missiles
 j - 4 throwing nets
 s - 17 poisoned darts
Armour
 k - a +0 cloak (melded)
 l - a +2 ring mail of poison resistance
 t - a +3 chain mail of cold resistance
 B - a +2 chain mail of positive energy
 E - +0 steam dragon scales (melded)
Jewellery
 b - a +5 ring of evasion (left branch)
 d - a ring of fire (right branch)
 m - a ring of protection from cold
 r - a +4 ring of protection
Wands
 g - a wand of iceblast (10)
 i - a wand of flame (14)
 C - a wand of quicksilver (2)
 D - a wand of polymorph (12)
Scrolls
 e - 4 scrolls of noise
 n - a scroll of butterflies {unknown}
 u - a scroll of enchant armour {unknown}
 x - a scroll of blinking
Potions
 c - a potion of brilliance
 f - a potion of might
 A - 2 potions of cancellation


   Skills:
 * Level 6.5 Fighting
 + Level 1.2(2.4) Polearms
 - Level 3.5(3.7) Staves
 + Level 6.7 Armour
 + Level 6.6 Dodging
 + Level 5.6 Stealth
 - Level 2.2 Unarmed Combat
 + Level 5.0 Spellcasting


You knew the following spells:

 Your Spells              Type           Power      Damage    Failure   Level
a - Foxfire               Conj/Fire      100%       2x1d9     1%          1
b - Scorch                Fire           74%        2d8       2%          2
c - Kindle Blastsparks    Fire/Tloc/Air  74%        2d16      4%          3
d - Inner Flame           Hex/Fire       37%        N/A       4%          3
e - Flame Wave            Conj/Fire      37%        2d10      14%         4
f - Shock                 Conj/Air       100%       1d9       1%          1
g - Poisonous Vapours     Pois/Air       50%        N/A       2%          2
h - Call Imp              Summ           25%        N/A       2%          2
i - Mephitic Cloud        Conj/Pois/Air  25%        N/A       4%          3
Your spell library was empty.

Dungeon Overview and Level Annotations

Branches:
Dungeon (9/15)             Temple (1/1) D:5            Lair (0/5) D:8
    Orc: D:9-12

Altars:
Ashenzari
Cheibriados
Elyvilon
Fedhas
Gozag
Qazlal
Ru
Trog
Uskayaw
Wu Jian
Xom
Yredelemnul
Zin
The Shining One

Annotations:
D:7 Menkaure
D:9 5 runed translucent doors


Innate Abilities, Weirdness & Mutations

You are a tree.
Your roots penetrate the ground, keeping you stationary.
You cannot be teleported.
You are immune to unholy pain and torment.
Your maximum health is greatly increased.
Your equipment is partially melded.
You are immune to sickness and miasma.
You are immune to poison.
((Your flesh is very heat resistant. (rF++)))
((You are vulnerable to cold. (rC-)))
You float through the air rather than walking.
You learn spells naturally, not from books.
Your magical power is your life essence.
You have superior vitality. (+4 MHP)


Message History

The manticore bites you but does no damage.
The manticore claws you.
* * * LOW HITPOINT WARNING * * *
The manticore claws you but does no damage.
The orc warrior hits you but does no damage.
You cannot blink because you are held in place by your roots.
You slash the manticore!
You kill the manticore!
The orc warrior shouts!
The orc warrior unwields a +0 flail.
The orc warrior wields a +0 arbalest.
The orc warrior shoots a bolt.
The bolt barely misses you.
The orc warrior hits you with a +0 hand axe.
* * * LOW HITPOINT WARNING * * *
The orc warrior barely misses you.
Your base Polearms skill increases to level 1!
Your Spellcasting skill increases to level 5!
You closely miss the orc warrior.
The orc warrior is heavily wounded.
The orc warrior unwields a +0 arbalest.
The orc warrior wields a +0 flail.
The orc warrior hits you but does no damage.
The orc warrior barely misses you.
The orc warrior hits you but does no damage.
The orc warrior hits you with a +0 hand axe.
* * * LOW HITPOINT WARNING * * *
The air fills with toxic fumes!
As you read the scroll of poison, it crumbles to dust.
The orc warrior hits you with a +0 flail.
* * * LOW HITPOINT WARNING * * *
The orc warrior hits you with a +0 hand axe.
* * * LOW HITPOINT WARNING * * *
A bullfrog comes into view.
You hit the orc warrior but do no damage.
The orc warrior is heavily wounded.
The bullfrog is engulfed in poison gas.
The bullfrog is poisoned.
The orc warrior hits you but does no damage.
The orc warrior hits you with a +0 hand axe!
* * * LOW HITPOINT WARNING * * *
The orc warrior hits you but does no damage.
The orc warrior hits you with a +0 hand axe.
You die...

#......................#.SS.#$#..
#...<...##########+#...#....#[#..
#.......+ #...#....+++s.
#.......# #...##...#.#ss
#.......# #....###S#.#s#
+.......# #......###.###
#.......# #.H.##......).
+.......#+########§#...##########
#........§§§§§§§♣§§§...# #
§§§§§§.oo§§§§§# # §§§§§§§§§§§§§§#
# #####§#####§§§# # §§
#.§§########## ##§ #..§§....K....
# # #...§#####+#.. #.###.#....#
#.. ...........# #..


You could see 2 orc warriors.

Vanquished Creatures
  A manticore (D:9)
  Sigmund (D:5)
  A yak (D:9)
  Grum (D:9)
  A steam dragon (D:7)
  2 water moccasins
  Duvessa (D:4)
  2 orc warriors
  A sky beast (D:8)
  2 black bears
  3 ice beasts
  2 ogres
  2 wolves (D:8)
  A centaur (D:9)
  3 phantoms (D:5)
  4 bullfrogs
  2 scorpions (D:6)
  Dowan (D:4)
  15 killer bees
  3 howler monkeys
  5 hounds
  3 jellies
  Crazy Yiuf (D:2)
  Ijyb (D:4)
  Terence (D:3)
  An orc wizard (D:9)
  Natasha (D:3)
  2 iguanas
  Robin (D:2)
  2 gnolls (D:5)
  8 adders
  A shadow imp (D:7)
  A white imp (D:4)
  2 ufetubi
  2 worms
  A dart slug (D:2)
  17 orcs
  9 ball pythons
  6 bats
  4 endoplasms
  5 giant cockroaches
  14 goblins
  10 hobgoblins
  6 jackals
  6 kobolds
  6 quokkas
  2 frilled lizards
  5 rats
172 creatures vanquished.

Vanquished Creatures (others)
  393 foxfires
  2 fungi (D:2)
395 creatures vanquished.

Grand Total: 567 creatures vanquished

Notes
Turn   | Place    | Note
-------+----------+-------------------------------------------
     0 | D:1      | Pimp the Djinni Fire Elementalist began the quest for the
                  | Orb.
     0 | D:1      | Pimp set off with the following spells memorised: Foxfire,
                  | Scorch, Kindle Blastsparks, Inner Flame, Flame Wave.
     0 | D:1      | Reached XP level 1. HP: 15/15 MP: 0/0
   236 | D:1      | Reached XP level 2. HP: 17/21 MP: 0/0
   418 | D:2      | Reached XP level 3. HP: 16/25 MP: 0/0
   418 | D:2      | Learned a level 1 spell: Shock
   604 | D:2      | Reached skill level 1 in Unarmed Combat
  1046 | D:2      | Found a faded altar of an unknown god.
  1133 | D:2      | Reached XP level 4. HP: 30/31 MP: 0/0
  1250 | D:2      | Noticed Robin
  1298 | D:2      | Killed Robin
  1615 | D:2      | Found a runed translucent door.
  1616 | D:2      | Noticed Crazy Yiuf
  1628 | D:2      | Killed Crazy Yiuf
  1629 | D:2      | Reached skill level 1 in Fighting
  1629 | D:2      | Reached skill level 1 in Armour
  1629 | D:2      | Reached XP level 5. HP: 12/37 MP: 0/0
  1629 | D:2      | Learned a level 2 spell: Poisonous Vapours
  1812 | D:3      | Found a snail-covered altar of Cheibriados.
  2128 | D:3      | Noticed Terence
  2134 | D:3      | Killed Terence
  2256 | D:3      | Noticed Natasha
  2263 | D:3      | Killed Natasha
  2275 | D:3      | Found an opulent altar of Gozag.
  2501 | D:3      | Found a glowing golden altar of the Shining One.
  2718 | D:3      | Reached XP level 6. HP: 42/42 MP: 0/0
  3097 | D:4      | Noticed Duvessa
  3097 | D:4      | Noticed Dowan
  3274 | D:4      | Noticed Ijyb
  3288 | D:4      | Killed Ijyb
  3592 | D:4      | Identified the +1 robe of Ashem {rPois Dex+3 SInv}
  3626 | D:4      | HP: 2/43 [shot self (3)]
  3626 | D:4      | Killed Duvessa
  3626 | D:4      | Killed Dowan
  3627 | D:4      | Reached skill level 1 in Staves
  3627 | D:4      | Reached XP level 7. HP: 3/49 MP: 0/0
  3627 | D:4      | Learned a level 2 spell: Call Imp
  4443 | D:5      | Entered Level 5 of the Dungeon
  4732 | D:5      | Reached XP level 8. HP: 52/55 MP: 0/0
  5002 | D:5      | Found a staircase to the Ecumenical Temple.
  5135 | D:5      | Found an ornate altar of the Wu Jian Council.
  5481 | D:5      | Noticed Sigmund
  5635 | D:5      | Killed Sigmund
  5636 | D:5      | Reached XP level 9. HP: 46/61 MP: 0/0
  5636 | D:5      | Learned a level 3 spell: Mephitic Cloud
  5832 | D:5      | Found a broken altar of Ashenzari.
  6122 | Temple   | Entered the Ecumenical Temple
  6334 | D:6      | Reached skill level 5 in Armour
  6334 | D:6      | Reached skill level 5 in Dodging
  6475 | D:6      | Found a white marble altar of Elyvilon.
  6556 | D:6      | Found a stormy altar of Qazlal.
  7983 | D:7      | Noticed Menkaure
  8232 | D:7      | Reached skill level 5 in Fighting
  8407 | D:7      | Reached XP level 10. HP: 69/70 MP: 0/0
  8854 | D:8      | Found a blossoming altar of Fedhas.
  8878 | D:8      | Reached skill level 5 in Stealth
  9059 | D:8      | Found a hide-covered altar of Uskayaw.
  9243 | D:8      | Found a staircase to the Lair.
  9484 | D:9      | Noticed Grum
  9581 | D:9      | Killed Grum
  9635 | D:9      | Found a sacrificial altar of Ru.
  9886 | D:9      | Noticed a black mamba
  9887 | D:9      | Found a runed translucent gate.
  9889 | D:9      | Found a runed translucent door.
  9891 | D:9      | Found a runed translucent gate.
  9900 | D:9      | Found a runed translucent gate.
  9902 | D:9      | Noticed a wolf spider
  9902 | D:9      | Noticed a wolf spider
  9902 | D:9      | Noticed a wolf spider
  9908 | D:9      | Found a runed translucent door.
  9942 | D:9      | Found the +9 staff of Olgreb {rPois∞}
 10035 | D:9      | Noticed a manticore
 10055 | D:9      | Killed a manticore
 10056 | D:9      | Reached skill level 1 in Polearms
 10056 | D:9      | Reached skill level 5 in Spellcasting
 10058 | D:9      | HP: 1/109 [orc warrior/+0 hand axe (7)]
 10058 | D:9      | Slain by an orc warrior

Illustrated notes

Levels and vault maps discovered:
D:1:      co_arrival_square_in_a_square_in_a_square, layout_rooms
D:2:      layout_loops_corners, chequers_ecumenical_altar_twisty,
          minmay_strange_pillars, uniq_robin, uniq_crazy_yiuf_cottage
D:3:      layout_loops_corners, mainiacjoe_overflow_alcove_1, lemuel_tele_altar,
          grunt_gozag_breadcrumbs, serial_glass, glass_columns_c,
          glass_columns_b, glass_columns_a, glass_columns_b, glass_columns_b,
          glass_columns_a, glass_columns_a, glass_columns_b, st_stairs_10,
          amethyst_killhole, uniq_natasha, uniq_terence
D:4:      layout_basic, uniq_ijyb, uniq_duvessa
D:5:      layout_loops_corners, ashenzari_altar_1, nicolae_wu_jian_wuxing_cycle,
          temple_doors_e, sigmund_army
D:6:      layout_loops_cross, nicolae_elyvilon_temple_path, grunt_qazlal_clouds,
          serial_glass, glass_columns_c, glass_columns_c
D:7:      layout_cave_pods, uniq_menkaure
D:8:      layout_cave_pods, mainiacjoe_overflow_tiny_flanked,
          eat_drink_and_be_merry_uskayaw, lair_entry_dummy
D:9:      minmay_the_grid_3x2 [minmay_the_grid_medium_cups,
          minmay_the_grid_rooms, minmay_the_grid_tri_star,
          minmay_the_grid_minigrid_large, minmay_the_grid_odd_star,
          minmay_the_grid_prize_diamond_cup], layout_irregular_city,
          nicolae_ru_great_annihilating_truth, nicolae_overflow_hidden_temple,
          kennysheep_okawaru_gauntlet, lemuel_doored_altar,
          minmay_guarded_unrand_staff_of_olgreb, uniq_grum
Temple:   hellmonk_temple_beads

Skill      XL: |  1  2  3  4  5  6  7  8  9 10 |
---------------+-------------------------------+-----
Stealth        | 2 3 4 5 |  5.6
Unarmed Combat | 1 2 |  2.2
Dodging        | 3 4 5 6 |  6.6
Fighting       | 1 2 3 5 6 |  6.5
Armour         | 1 2 3 4 6 |  6.7
Spellcasting   | 3 4 5 |  5.0
Staves         | 1 2 3 |  3.5
Polearms       | 1 |  1.2

Action                     |  1- 3 |  4- 6 |  7- 9 | 10-12 || total
---------------------------+-------+-------+-------+-------++-------
  Melee: Unarmed           |     9 |    15 |       |       ||    24
         Punch             |       |     1 |       |       ||     1
         Quarterstaff      |       |    36 |    36 |    13 ||    85
         Glaive            |       |       |       |    15 ||    15
   Cast: Foxfire           |    48 |   109 |   107 |    19 ||   283
         Kindle Blastspark |       |     7 |    33 |     6 ||    46
         Scorch            |       |     1 |       |     1 ||     2
         Poisonous Vapours |       |       |     1 |       ||     1
         Flame Wave        |       |       |       |     3 ||     3
    Use: Potion            |       |     5 |     1 |     7 ||    13
         Scroll            |       |     7 |     8 |    11 ||    26
   Stab: Sleeping          |     1 |     2 |     1 |     3 ||     7
         Confused          |       |       |       |     1 ||     1
 Armour: Robe              |     3 |       |       |       ||     3
         Skin              |     2 |    14 |     1 |    18 ||    35
         Steam dragon scal |       |       |       |     8 ||     8
  Dodge: Dodged            |    35 |    68 |   103 |    64 ||   270

Table legend: (Time is in decaauts)
 A = Elapsed time spent in this place.
 B = Non-inter-level travel time spent in this place.
 C = Inter-level travel time spent in this place.
 D = Time resting spent in this place.
 E = Time spent auto-exploring this place.
 F = Levels seen in this place.
 G = Mean time per level.
                   A        B        C        D        E       F      G
               +--------+--------+--------+--------+--------+-----+--------+
         Total |  10097 |   9445 |    652 |   2703 |   4676 |  10 | 1009.7 |
       Dungeon |   9910 |   9340 |    570 |   2703 |   4581 |   9 | 1101.1 |
        Temple |    187 |    105 |     82 |      0 |     95 |   1 |  187.0 |
               +--------+--------+--------+--------+--------+-----+--------+

Top non-repeatable levels by time:
     D:5: 1864 daAuts
     D:2: 1440 daAuts
     D:3: 1391 daAuts
     D:6: 1383 daAuts
     D:4: 1356 daAuts
     D:7: 841 daAuts
     D:8: 758 daAuts
     D:9: 505 daAuts
     D:1: 368 daAuts
  Temple: 187 daAuts
